[Event "St. Petersburg-ch Women 2021"]
[Site "St. Petersburg"]
[Date "2021.03.25"]
[Round "1.7"]
[White "Styazhkina, Anna"]
[Black "Tskhadadze, Anna"]
[Result "0-1"]
[ECO "B07"]
[WhiteElo "2294"]
[BlackElo "1879"]
[Annotator "RC"]
[PlyCount "132"]
[EventDate "2021.03.25"]
[EventType "swiss"]
[EventCountry "RUS"]
[SourceTitle "playchess.com"]
[Source "ChessBase"]
[SourceQuality "1"]
[TimeControl "40/5400+30:1800+30"]

1. e4 d6 2. d4 Nf6 3. Nc3 e5 4. Nge2 Be7 5. g3 O-O 6. Bg2 Re8 7. O-O c6 8. a4 Bf8 9. h3 Na6 10. Be3 Nc7 11. g4 exd4 12. Bxd4 Bd7 13. Ng3 c5 14. Be3 Bc6 15. g5 Nd7 16. b3 g6 17. Qd2 Bg7 18. Rad1 Ne6 19. Nce2 c4 20. b4 a6 21. f4 Bxa4 22. f5 Nc7 23. f6 Bf8 24. Nc3 Bc6 25. Nd5 Rc8 26. Qf2 Nxd5 27. exd5 Ba4 28. Rfe1 a5 29. Ra1 b5 30. Rab1 axb4 31. Rxb4 Qa5 32. Rbb1 b4 33. Bd4 b3 34. c3 Ne5 35. Rf1 Nd3 36. Qd2 Ra8 37. h4 Bd7 38. h5 Qb5 39. hxg6 hxg6 40. Qd1 Ra2 41. Qf3 b2 42. Qd1 Rea8 43. Be4 Bh3 44. Bxg6 Qxd5 45. Ne4 Qe6 46. Kh2 Bg4 47. Qd2 d5 48. Ng3 fxg6 49. f7+ Kh7 50. Rh1 Bh3 51. Qg2 Nf4 52. Qf3 Qxf7 53. Be5 Bg7 54. Bxf4 Bf5 55. Nxf5 Qxf5 56. Kg3+ Kg8 57. Rhd1 d4 58. Rxb2 R2a3 59. Rc1 dxc3 60. Rbc2 Rd8 61. Be3 Be5+ 62. Kg2 Qe6 63. Rf1 Bg7 64. Bc5 Ra5 65. Re2 Qxe2+ 66. Qxe2 Rd2 0-1

[Event "St. Petersburg-ch Women 2021"]
[Site "St. Petersburg"]
[Date "2021.03.26"]
[Round "2.2"]
[White "Tskhadadze, Anna"]
[Black "Nazarova, Anastasia"]
[Result "1/2-1/2"]
[ECO "D30"]
[WhiteElo "1879"]
[BlackElo "2184"]
[Annotator "RC"]
[PlyCount "72"]
[EventDate "2021.03.25"]
[EventType "swiss"]
[EventCountry "RUS"]
[SourceTitle "playchess.com"]
[Source "ChessBase"]
[SourceQuality "1"]
[TimeControl "40/5400+30:1800+30"]

1. c4 e6 2. Nf3 d5 3. d4 Nf6 4. e3 Be7 5. b3 b6 6. Bd3 Bb7 7. O-O O-O 8. Nbd2 Nbd7 9. Qc2 h6 10. Bb2 c5 11. Rac1 Rc8 12. Qb1 Rc7 13. Ne5 Qa8 14. Nxd7 Nxd7 15. cxd5 Bxd5 16. Be4 Rfc8 17. Bxd5 Qxd5 18. Rfd1 cxd4 19. Bxd4 Rxc1 20. Rxc1 Rc6 21. Nf3 Ba3 22. Rd1 Rd6 23. Rf1 e5 24. e4 Qb5 25. Bb2 Bxb2 26. Qxb2 Qd3 27. Nxe5 Qxe4 28. Nxd7 Rxd7 29. Qc3 Qd3 30. Qc8+ Kh7 31. h3 Rd8 32. Qc7 Rd7 33. Qc8 Rd8 34. Qc7 Rd7 35. Qc8 Rd8 36. Qc7 Rd7 1/2-1/2

[Event "St. Petersburg-ch Women 2021"]
[Site "St. Petersburg"]
[Date "2021.03.27"]
[Round "3.7"]
[White "Yurasova, Daria"]
[Black "Belenkaya, Dina"]
[Result "0-1"]
[ECO "B12"]
[WhiteElo "2110"]
[BlackElo "2293"]
[Annotator "NA"]
[PlyCount "120"]
[EventDate "2021.03.25"]
[EventType "swiss"]
[EventCountry "RUS"]
[SourceTitle "playchess.com"]
[Source "ChessBase"]
[SourceQuality "1"]
[TimeControl "40/5400+30:1800+30"]

1. e4 c6 2. d4 d5 3. e5 Bf5 4. h4 h6 5. g4 Bd7 6. Nc3 e6 7. Be3 Qb6 8. Nge2 c5 9. Qd2 Nc6 10. f4 Qa5 11. dxc5 O-O-O 12. Nd4 Bxc5 13. Nb3 Bxe3 14. Qxe3 d4 15. Nxa5 dxe3 16. Nc4 Be8 17. Rh3 h5 18. g5 Nge7 19. Nd6+ Kb8 20. Rxe3 Ng6 21. O-O-O Nxf4 22. Bb5 Ng6 23. Bxc6 Bxc6 24. Rf1 Rhf8 25. Ncb5 Nxh4 26. Nd4 Bg2 27. Rf2 b6 28. Ra3 Bb7 29. N4b5 Nf5 30. Nxf5 exf5 31. Rxf5 Bc8 32. Rf4 Rd5 33. Nxa7 Bd7 34. e6 Bxe6 35. Nc6+ Kb7 36. Ne7 Rxg5 37. Rfa4 Ra5 38. Re4 Rxa3 39. bxa3 Ra8 40. Ng6 Rxa3 41. Nf4 Bxa2 42. Kb2 Ra5 43. c4 h4 44. Re7+ Kc6 45. Rxf7 g5 46. Rf6+ Kb7 47. Rf7+ Ka6 48. Ne6 Bxc4 49. Nc7+ Kb7 50. Rg7 Kc6 51. Ne8 Bf1 52. Rc7+ Kd5 53. Rf7 Bg2 54. Rg7 Kd4 55. Nc7 Re5 56. Na6 h3 57. Rh7 Rb5+ 58. Kc1 g4 59. Rh4 Bf3 60. Rh8 Ke3 0-1

[Event "St. Petersburg-ch Women 2021"]
[Site "St. Petersburg"]
[Date "2021.03.27"]
[Round "3.8"]
[White "Murashova, Ekaterina"]
[Black "Karmanova, Olga Dm."]
[Result "1-0"]
[ECO "B13"]
[WhiteElo "2207"]
[BlackElo "1971"]
[Annotator "NA"]
[PlyCount "43"]
[EventDate "2021.03.25"]
[EventType "swiss"]
[EventCountry "RUS"]
[SourceTitle "playchess.com"]
[Source "ChessBase"]
[SourceQuality "1"]
[TimeControl "40/5400+30:1800+30"]

1. e4 c6 2. d4 d5 3. exd5 cxd5 4. Nf3 Nf6 5. Ne5 Nc6 6. Bb5 Qb6 7. c4 Be6 8. Qa4 Rc8 9. c5 Qc7 10. Qxa7 Bd7 11. Bxc6 Bxc6 12. Nc3 Nd7 13. Nxc6 Qxc6 14. b4 g6 15. Be3 Bg7 16. b5 Qc7 17. Nxd5 Qd8 18. O-O e5 19. Qxb7 exd4 20. Bg5 f6 21. Rfe1+ Kf8 22. Re7 1-0

[Event "St. Petersburg-ch Women 2021"]
[Site "St. Petersburg"]
[Date "2021.03.30"]
[Round "6.7"]
[White "Belenkaya, Dina"]
[Black "Karmanova, Olga Dm."]
[Result "1-0"]
[ECO "B41"]
[WhiteElo "2293"]
[BlackElo "1971"]
[Annotator "NA"]
[PlyCount "75"]
[EventDate "2021.03.25"]
[EventType "swiss"]
[EventCountry "RUS"]
[SourceTitle "playchess.com"]
[Source "ChessBase"]
[SourceQuality "1"]
[TimeControl "40/5400+30:1800+30"]

1. e4 c5 2. Nf3 a6 3. c4 e6 4. Nc3 Qc7 5. d4 cxd4 6. Nxd4 Nf6 7. Be2 b6 8. O-O Bb7 9. Qd3 Nc6 10. Nxc6 dxc6 11. f4 Be7 12. e5 Nd7 13. Qg3 O-O 14. Rd1 f5 15. Be3 Rad8 16. Rd2 c5 17. Rad1 Qc8 18. Nd5 exd5 19. cxd5 Rfe8 20. d6 Bf8 21. Bc4+ Kh8 22. Bf7 Qc6 23. Qh3 Nb8 24. Bg6 h6 25. Bxf5 Nd7 26. Qg3 g5 27. h4 g4 28. Qxg4 Bg7 29. Qg6 Nf8 30. Qf7 Rxd6 31. exd6 Rxe3 32. Kh2 Qa4 33. Bh3 Bc6 34. d7 Nxd7 35. Bxd7 Qe4 36. Bxc6 Qxc6 37. Rd8+ Kh7 38. Qg8+ 1-0

[Event "St. Petersburg-ch Women 2021"]
[Site "St. Petersburg"]
[Date "2021.03.30"]
[Round "6.8"]
[White "Nazarova, Anastasia"]
[Black "Murashova, Ekaterina"]
[Result "0-1"]
[ECO "B38"]
[WhiteElo "2184"]
[BlackElo "2207"]
[Annotator "NA"]
[PlyCount "72"]
[EventDate "2021.03.25"]
[EventType "swiss"]
[EventCountry "RUS"]
[SourceTitle "playchess.com"]
[Source "ChessBase"]
[SourceQuality "1"]
[TimeControl "40/5400+30:1800+30"]

1. e4 c5 2. Nf3 g6 3. c4 Nc6 4. d4 cxd4 5. Nxd4 Bg7 6. Be3 Qb6 7. Nb3 Qd8 8. Nc3 Bxc3+ 9. bxc3 Nf6 10. f3 O-O 11. c5 b6 12. cxb6 axb6 13. Bb5 Qc7 14. O-O d6 15. Qe2 Na5 16. c4 Be6 17. Rfc1 Rfc8 18. Nxa5 Rxa5 19. Qf2 Rb8 20. Bd4 Nd7 21. f4 Nc5 22. Qf3 Bd7 23. e5 Ne6 24. exd6 exd6 25. Bf6 Qc5+ 26. Kh1 Bxb5 27. cxb5 Qxb5 28. Rab1 Qf5 29. Be7 Rxa2 30. Bxd6 Rd8 31. Be5 f6 32. Bb2 Rd2 33. Qb3 Qe4 34. Rc8+ Kg7 35. Rg1 Raxb2 36. Qa3 Rxg2 0-1

[Event "St. Petersburg-ch Women 2021"]
[Site "St. Petersburg"]
[Date "2021.03.31"]
[Round "7.1"]
[White "Getman, Tatyana"]
[Black "Belenkaya, Dina"]
[Result "1-0"]
[ECO "E45"]
[WhiteElo "2271"]
[BlackElo "2293"]
[Annotator "NA"]
[PlyCount "69"]
[EventDate "2021.03.25"]
[EventType "swiss"]
[EventCountry "RUS"]
[SourceTitle "playchess.com"]
[Source "ChessBase"]
[SourceQuality "1"]
[TimeControl "40/5400+30:1800+30"]

1. d4 Nf6 2. c4 e6 3. Nc3 Bb4 4. e3 b6 5. Nge2 Ba6 6. a3 Bxc3+ 7. Nxc3 d5 8. b3 O-O 9. Bd3 dxc4 10. bxc4 Nc6 11. a4 Qd7 12. O-O Rfd8 13. Bb2 Na5 14. Nb5 c6 15. Na3 c5 16. f4 cxd4 17. exd4 Rac8 18. Qe2 Ne8 19. Rf3 Nd6 20. Rc1 f5 21. Rg3 Re8 22. d5 exd5 23. Qf3 Re7 24. Qxd5+ Kh8 25. c5 Bb7 26. Qxd6 Qxd6 27. cxd6 Rxc1+ 28. Bxc1 Re1+ 29. Kf2 Rxc1 30. d7 Nc6 31. Re3 g6 32. Bb5 Rd1 33. Bxc6 Bxc6 34. Re8+ Kg7 35. d8=Q 1-0

[Event "St. Petersburg-ch Women 2021"]
[Site "St. Petersburg"]
[Date "2021.04.02"]
[Round "9.7"]
[White "Balandina, Alisa"]
[Black "Belenkaya, Dina"]
[Result "0-1"]
[ECO "B12"]
[WhiteElo "1596"]
[BlackElo "2293"]
[Annotator "ChessBase"]
[PlyCount "64"]
[EventDate "2021.03.25"]
[EventType "swiss"]
[EventCountry "RUS"]
[SourceTitle "playchess.com"]
[Source "ChessBase"]
[SourceQuality "1"]
[TimeControl "40/5400+30:1800+30"]

1. e4 c6 2. d4 d5 3. e5 Qb6 4. c4 Bf5 5. Nc3 e6 6. c5 Qc7 7. h4 h5 8. Be2 b6 9. cxb6 axb6 10. Bxh5 c5 11. Be2 Nc6 12. Bb5 cxd4 13. Qxd4 Bc5 14. Qf4 Nge7 15. Nf3 Kf8 16. Bxc6 Nxc6 17. Nxd5 Qd7 18. Nc3 Bd3 19. Be3 Nb4 20. O-O-O Nxa2+ 21. Nxa2 Rxa2 22. Bd4 Qb5 23. Bc3 Ra4 24. Qg5 Ra8 25. Ne1 Be7 26. Qf4 Be2 27. Rd2 Ra1+ 28. Kc2 Bc4 29. Rd6 Qb3+ 30. Kd2 Qd1+ 31. Ke3 Qe2+ 32. Kd4 Rd1+ 0-1

[Event "St. Petersburg-ch Women 2021"]
[Site "St. Petersburg"]
[Date "2021.04.02"]
[Round "9.8"]
[White "Pankova, Julia"]
[Black "Murashova, Ekaterina"]
[Result "0-1"]
[ECO "B27"]
[WhiteElo "1874"]
[BlackElo "2207"]
[Annotator "ChessBase"]
[PlyCount "84"]
[EventDate "2021.03.25"]
[EventType "swiss"]
[EventCountry "RUS"]
[SourceTitle "playchess.com"]
[Source "ChessBase"]
[SourceQuality "1"]
[TimeControl "40/5400+30:1800+30"]

1. e4 c5 2. Nf3 g6 3. d4 cxd4 4. Qxd4 Nf6 5. e5 Nc6 6. Qa4 Nd5 7. Qe4 Nb6 8. Nc3 Bg7 9. Bf4 d5 10. exd6 O-O 11. dxe7 Nxe7 12. Rd1 Bxc3+ 13. bxc3 Ned5 14. Be2 Bf5 15. Qd4 Nxf4 16. Qxf4 Qe7 17. Nd4 Rfe8 18. O-O Bxc2 19. Rd2 Ba4 20. Rd3 Rac8 21. Qh6 Qf8 22. Qh4 Rc5 23. f4 f5 24. g4 Qe7 25. Qxe7 Rxe7 26. gxf5 gxf5 27. Rg3+ Kf7 28. Bd3 Bd7 29. Bc2 Kf6 30. Bb3 Ba4 31. Kg2 Bxb3 32. axb3 Nd5 33. Rff3 Re4 34. Rg8 Nxf4+ 35. Kg3 Ng6 36. Rb8 f4+ 37. Kf2 Rc7 38. Nb5 Rce7 39. Rd3 Re2+ 40. Kf3 Rxh2 41. Rd6+ Kg5 42. Rd5+ Kh4 0-1